 Dungeon Crawl Stone Soup version 0.15.0-13-gb296d5c (webtiles) character file.

143 CrazyArbalest the Bolt Thrower (level 5, 37/37 HPs)
             Began as a Demonspawn Hunter on Sept 2, 2014.
             Was an Initiate of Okawaru.
             Quit the game on Level 4 of the Dungeon.
             The game lasted 00:07:21 (2464 turns).

CrazyArbalest the Bolt Thrower (Demonspawn Hunter)  Turns: 2464, Time: 00:07:21

HP  37/37        AC 10     Str 12      XL: 5   Next:  4%
MP   5/5         EV  9     Int 13      God: Okawaru [......]
Gold 96          SH  0     Dex 14      Spells:  0 memorised,  4 levels left

rFire  . . .     SeeInvis .     b - +1 hand crossbow
rCold  . . .     Clarity  .     o - +0 ring mail
rNeg   . . .     rCorr    .     (no shield)
rPois  .         rRot     .     (no helmet)
rElec  .         Spirit   .     (no cloak)
SustAb .         Warding  .     (no gloves)
rMut   .         Stasis   .     q - +2 pair of boots
Gourm  .                        (no amulet)
MR     .....                    (no ring)
                                (no ring)

@: not resistant to hostile enchantments, very unstealthy
A: thin metallic scales 1, demonic guardian 1, powered by pain 1
a: Renounce Religion


You were on level 4 of the Dungeon.
You worshipped Okawaru.
Okawaru was noncommittal.
You were hungry.

You visited 1 branch of the dungeon, and saw 4 of its levels.

You collected 96 gold pieces.

Inventory:

Hand weapons
 a - a +0 short sword
 b - a +1 hand crossbow (weapon)
 r - a +0 arbalest
Missiles
 c - 55 bolts (quivered)
 p - 13 bolts of flame
Armour
 d - a +0 leather armour
 o - a +0 ring mail (worn)
 q - a +2 pair of boots (worn)
Comestibles
 f - 2 bread rations
Scrolls
 g - a scroll of noise {unknown}
 h - a scroll of enchant armour {unknown}
 i - 4 scrolls of teleportation {unknown}
 j - a scroll of fog {unknown}
 k - a scroll of amnesia {unknown}
 l - 4 scrolls of identify {unknown}
 m - 2 scrolls of remove curse {unknown}
 n - 2 scrolls of random uselessness {unknown}
Potions
 e - a potion of confusion {unknown}


   Skills:
 + Level 1.0 Fighting
 + Level 5.6 Crossbows
 + Level 0.3 Armour
 + Level 2.0 Dodging
 + Level 1.0 Stealth


You had 4 spell levels left.
You didn't know any spells.

Dungeon Overview and Level Annotations

Branches:
Dungeon (4/15)
 Temple: D:4-7

Altars:
Okawaru


Innate Abilities, Weirdness & Mutations

You are partially covered in thin metallic scales (AC +2).
A weak demonic guardian rushes to your aid.
You sometimes gain a little power by taking damage.


Message History

The hound is moderately wounded.
Firing (i - inventory. (,) - cycle):
c - 56 bolts (quivered)
Press: ? - help, Shift-Dir - straight line, f/p - hound
Aim: a hound (moderately wounded)
You shoot a bolt. The bolt misses the hound.
Firing (i - inventory. (,) - cycle):
c - 55 bolts (quivered)
Press: ? - help, Shift-Dir - straight line, f/p - hound
Aim: a hound (moderately wounded)
You shoot a bolt. The bolt hits the hound!
You kill the hound!
Okawaru accepts your kill.
You have reached level 5!
Your demonic ancestry asserts itself...
You feel the presence of a demonic guardian.
c - 55 bolts (gained 1)
You see here a hound corpse.
You offer a prayer to Okawaru.
The hound corpse is consumed by flame.
Okawaru is noncommittal.
Are you sure you want to abandon this character and quit the game? (Confirm with "yes".)

. #.#.###.# ...?...#.#
..[....?..# .
...........# ...
...........# ....
...........#......
..(......?..#......
.(..(...@..........
............#.......
.........#.........
######.###.....#.##
##....#.###.......#
#..........##.......
#.......##.#####....
#...................
#.......##...####.<#..


There were no monsters in sight!

Vanquished Creatures
  A hound (D:4)
  5 adders
  2 oozes (D:1)
  9 orcs
  3 giant cockroaches
  4 hobgoblins
  2 jackals (D:3)
  5 kobolds
  A ball python (D:2)
  6 bats
  3 giant newts
  A giant newt skeleton (D:4)
  9 goblins
  A hobgoblin skeleton (D:4)
  2 quokkas
  11 rats
65 creatures vanquished.

Notes
Turn   | Place    | Note
--------------------------------------------------------------
     0 | D:1      | CrazyArbalest, the Demonspawn Hunter, began the quest for the Orb.
     0 | D:1      | Reached XP level 1. HP: 15/15 MP: 1/1
   107 | D:1      | Reached skill level 4 in Crossbows
   243 | D:1      | Gained mutation: You sometimes gain a little power by taking damage. [demonic ancestry]
   243 | D:1      | Reached XP level 2. HP: 21/21 MP: 2/2
  1022 | D:2      | Gained mutation: You are partially covered in thin metallic scales (AC +2). [demonic ancestry]
  1022 | D:2      | Reached XP level 3. HP: 26/26 MP: 3/3
  1367 | D:2      | Reached skill level 1 in Stealth
  1653 | D:3      | Reached skill level 5 in Crossbows
  1653 | D:3      | Reached XP level 4. HP: 8/32 MP: 4/4
  1798 | D:3      | Found an iron altar of Okawaru.
  1808 | D:3      | Became a worshipper of Warmaster Okawaru
  2460 | D:4      | Gained mutation: A weak demonic guardian rushes to your aid. [demonic ancestry]
  2460 | D:4      | Reached XP level 5. HP: 37/37 MP: 5/5
  2464 | D:4      | Quit the game

Action                   |  1- 3 |  4- 6 || total
-------------------------+-------+-------++-------
 Fire: Hand crossbow     |    98 |    59 ||   157
  Use: Potion            |       |     1 ||     1
  Eat: Chunk             |       |     4 ||     4
